 Dungeon Crawl Stone Soup version 0.31-a0-233-g139696dc86 (webtiles) character file.

Game seed: 4844902341106184820

90718 reriks the Fighter (level 16, -6/103 HPs)
             Began as a Gargoyle Fighter on July 9, 2023.
             Was the Champion of the Shining One.
             Mangled by a hog (11 damage)
             ... led by Kirke
             ... on level 12 of the Dungeon.
             The game lasted 00:50:26 (27145 turns).

reriks the Fighter (Gargoyle Fighter)              Turns: 27145, Time: 00:50:26

Health: -6/103     AC:  0    Str: 23    XL:     16   Next: 1%
Magic:  24/24      EV: 19    Int: 12    God:    the Shining One [******]
Gold:   1208       SH:  5    Dex: 11    Spells: 15/15 levels left

rFire   . . .        R - melded +1 war axe (venom)
rCold   . . .        u - melded +8 tower shield
rNeg    + + +        s - melded +0 plate armour
rPois   ∞            Z - melded +1 hat {SInv}
rElec   .            (cloak currently unavailable)
rCorr   .            A - melded +0 pair of gloves
SInv    .            (boots currently unavailable)
Will    +....        E - amulet of reflection
Stlth   +            w - melded +6 ring of strength
HPRegen 0.37/turn    H - melded +6 ring of dexterity
MPRegen 0.19/turn

%: reflection
@: pig-form, glowing, studying 2 skills, very quick
A: fast, no casting, sickness immunity, AC +12, small, (big wings), negative
energy resistance 1, (electricity resistance), torment resistance 1,
petrification resistance
a: Renounce Religion, Divine Shield, Cleansing Flame, Summon Divine Warrior,
Brand Weapon With Holy Wrath


You were on level 12 of the Dungeon.
You worshipped the Shining One.
The Shining One was exalted by your worship.
You were a filthy swine.
You visited 3 branches of the dungeon, and saw 19 of its levels.
You also visited: Bailey and Gauntlet.

You collected 2388 gold pieces.
You spent 1180 gold pieces at shops.

Inventory:

Hand Weapons
 M - a +2 war axe of freezing
 R - a +1 war axe of venom (melded)
Missiles
 m - 15 boomerangs
 X - 10 silver javelins
Armour
 s - a +0 plate armour (melded)
 u - a +8 tower shield (melded)
 A - a +0 pair of gloves (melded)
 Z - a +1 hat of see invisible (melded)
Jewellery
 a - the ring of the Mage {Wiz Archmagi}
   (You found it in a Gauntlet)

   [ring of wizardry]

   It improves your spell success rate.
   Archmagi:  It increases the power of your magical spells.
 b - the ring of Tommidgh {Drain rF+ MP+9 Dex+2}
   (You found it in a Gauntlet)

   [ring of magical power]

   Dex:       It affects your dexterity (+2).
   rF:        It protects you from fire.
   MP:        It affects your magic capacity (+9).
   Drain:     It drains your maximum health when unequipped.
 c - a ring of willpower
 g - a ring of ice
 p - a ring of ice
 w - a +6 ring of strength (melded)
 B - an amulet of magic regeneration
 E - an amulet of reflection (around neck)
 H - a +6 ring of dexterity (melded)
 K - a ring of fire
 T - an amulet of faith
 V - a ring of wizardry
Wands
 P - a wand of digging (10)
Scrolls
 i - 2 scrolls of poison
 l - 8 scrolls of enchant weapon
 r - 6 scrolls of blinking
 x - 14 scrolls of teleportation
 y - 6 scrolls of fog
 N - a scroll of fear
 S - 3 scrolls of revelation
 U - a scroll of enchant armour
 W - a scroll of amnesia
 Y - 4 scrolls of vulnerability
Potions
 d - 2 potions of ambrosia
 e - a potion of mutation
 f - a potion of resistance
 h - 2 potions of lignification
 j - 3 potions of haste
 o - 5 potions of curing
 q - a potion of berserk rage {unknown}
 t - 2 potions of magic
 v - 4 potions of attraction
 z - 2 potions of invisibility
 C - a potion of degeneration {unknown}
 D - 4 potions of enlightenment
 F - 4 potions of heal wounds
 I - a potion of cancellation {unknown}
 J - a potion of might
 O - 3 potions of brilliance


   Skills:
 + Level 12.4 Fighting
 + Level 10.3 Axes
 + Level 9.7 Throwing
 + Level 12.1 Armour
 * Level 11.8 Dodging
 + Level 12.1 Shields
 + Level 11.2 Invocations


You had 15 spell levels left.
You didn't know any spells.
Your spell library contained the following spells:

 Spells                   Type           Power      Damage    Failure   Level
 Magic Dart               Conj           0%         1d3       32%         1
 Sting                    Tmut/Pois      0%         1d3       32%         1
 Blink                    Tloc           0%         N/A       45%         2
 Call Imp                 Summ           0%         N/A       45%         2
 Lesser Beckoning         Tloc           0%         N/A       45%         2
 Momentum Strike          Conj/Tloc      0%         3d8       45%         2
 Poisonous Vapours        Pois/Air       0%         N/A       45%         2
 Scorch                   Fire           0%         2d5       45%         2
 Gell's Gravitas          Tloc           0%         N/A       69%         3
 Ignite Poison            Fire/Tmut/Pois 0%         N/A       69%         3
 Inner Flame              Hex/Fire       0%         N/A       69%         3
 Mephitic Cloud           Conj/Pois/Air  0%         N/A       69%         3
 Teleport Other           Tloc           0%         N/A       69%         3
 Flame Wave               Conj/Fire      0%         2d4       97%         4
 Manifold Assault         Tloc           0%         N/A       97%         4
 Olgreb's Toxic Radiance  Pois           0%         N/A       97%         4
 Sticky Flame             Conj/Fire      0%         2d3       97%         4
 Blade Hands              Tmut           0%         N/A       100%        5
 Freezing Cloud           Conj/Ice/Air   0%         6-21      100%        5
 Irradiate                Conj/Tmut      0%         3d11      100%        5
 Yara's Violent Unravell  Hex/Tmut       0%         3d3       100%        5
 Dispersal                Tloc           0%         N/A       100%        6
 Summon Cactus Giant      Summ           0%         N/A       100%        6
 Dragon Form              Tmut           0%         N/A       100%        7
 Enfeeble                 Hex            0%         N/A       100%        7
 Discord                  Hex            0%         N/A       100%        8
 Disjunction              Tloc           0%         N/A       100%        8
 Ignition                 Fire           0%         3d3       100%        8


Dungeon Overview and Level Annotations

Branches:
Dungeon (12/15)            Temple (0/1) D:5            Lair (5/5) D:9
 Shoals (0/4) Lair:2        Snake (0/4) Lair:2        Slime (0/5) Lair:5
    Orc (2/2) D:9             Elf (0/3) Orc:2        Bailey (visited)
Gauntlet (visited)

Altars:
Ashenzari
Elyvilon
Gozag
Hepliaklqana
Makhleb
Trog
Uskayaw
Yredelemnul
Zin
The Shining One

Shops:
D:1 *[   D:6 =   D:9 !   D:10 :   Orc:2 [:**

Portals:
Hell: Lair:5
Pandemonium: Orc:2

Annotations:
D:10 1 exclusion
D:12 Kirke
Lair:2 2 transporters
Lair:3 exclusion: oklob plant


Innate Abilities, Weirdness & Mutations

You are a filthy swine.
You move quickly.
Your equipment is almost entirely melded.
You are incapable of wielding weapons or throwing items.
You cannot cast spells.
You are immune to sickness and miasma.
((Your stone body is resilient. (AC +12)))
You are immune to poison.
((Your large and strong wings let you fly.))
You resist negative energy. (rN+)
((You are resistant to electric shocks. (rElec)))
You are resistant to unholy torment.
You are immune to petrification.


Message History

Kirke gestures at you while chanting.
You barely resist. The hog closely misses you. The hog bites you.
You barely miss Kirke.
Kirke is severely wounded.
The hog closely misses you. x2; Kirke hits you!
* * * LOW HITPOINT WARNING * * *
You hit Kirke.
Kirke is severely wounded.
You block the hog's attack. The hog bites you.
* * * LOW HITPOINT WARNING * * *
Kirke casts a spell at you.
You feel a momentary urge to oink.
You feel much better. The hog closely misses you. The hog bites you!
Kirke gestures wildly while chanting.
Kirke flickers and vanishes for a moment.
Okay, then.
You bite Kirke!
Kirke is severely wounded.
The hog bites you. The hog barely misses you.
You hit Kirke.
Kirke is almost dead.
Kirke gestures at you while chanting.
You barely resist. The hog bites you! x2
* * * LOW HITPOINT WARNING * * *
You hit Kirke.
Kirke is almost dead.
Kirke seems less brilliant.
The hog misses you. The hog closely misses you. Kirke casts a spell at you.
You struggle to resist.
You completely miss Kirke.
Kirke is almost dead.
The hog bites you!
* * * LOW HITPOINT WARNING * * *
The hog barely misses you.
You hit Kirke but do no damage.
Kirke is almost dead.
Kirke hits you!
* * * LOW HITPOINT WARNING * * *
The hog bites you!
You die...

#.........####.......#......
#....................#....##
#.......####'#####'###....#.
#.#####.#...........##....#.
#.# #.#...........##....#.
#.# #.#...........##....#.
#.# #.#...........#######.
#.#####.#...........#.......
#.......###h#########..#....
#. .......h@h...... #....
......##...####. .......
##... #...# ....... ....
#...# ........ ... ......
........ ## ####### #######


You could see Kirke (invisible, poisoned) and 2 hogs.

Vanquished Creatures
  2 dire elephants
  A minotaur (Gauntlet)
  Fannar (D:12)
  7 hydras
  3 demonspawn (Orc:2)
  2 boulder beetles
  5 two-headed ogres
  2 catoblepae
  A death yak (Lair:5)
  8 orc high priests
  A soul eater (Orc:2)
  2 skysharks (Lair:5)
  Urug (Lair:1)
  5 sixfirhies
  6 orc knights
  A wizard (Lair:5)
  6 orc sorcerers
  A lindwurm (Lair:5)
  5 cyclopes
  Maurice (D:9)
  A merfolk siren (Lair:2)
  A smoke demon (Lair:5)
  33 elephants
  7 black mambas
  2 orange demons
  4 centaur skeletons (D:12)
  19 cane toads
  A torpor snail (Lair:3)
  An unseen horror (D:12)
  18 komodo dragons
  3 rime drakes
  4 ice devils
  A red devil (Lair:5)
  A kobold demonologist (D:9)
  3 polar bears
  4 trolls
  A hornet (D:7)
  12 blink frogs
  5 dream sheep (Lair:5)
  3 centaur simulacra
  Sigmund (D:2)
  A shadow (D:11)
  4 wraiths
  45 yaks
  5 wyverns
  A hog (D:12)
  7 basilisks
  4 steam dragons
  3 vampire mosquitoes (D:11)
  3 nagas (Lair:2)
  5 wargs
  19 water moccasins
  Edmund (D:4)
  6 acid dragons
  4 hell hounds (Lair:5)
  Duvessa (D:5)
  2 sky beasts (D:7)
  5 black bears
  2 meliai simulacra (Gauntlet)
  6 ogres
  33 orc warriors
  11 wolves
  3 centaurs
  12 bullfrogs
  A kobold brigand (D:9)
  2 gnoll sergeants
  A cane toad simulacrum (Gauntlet)
  6 wights (D:9)
  A hornet simulacrum (Gauntlet)
  Dowan (D:5)
  15 killer bees
  6 electric eels (D:10)
  8 howler monkeys
  6 hounds
  3 jellies (Lair:5)
  2 gnoll boudas (D:6)
  30 orc priests
  3 sleepcaps
  Jessica (D:2)
  An iguana (D:4)
  19 orc wizards
  7 hell rats (Lair:1)
  Robin (D:4)
  3 adders
  21 gnolls
  2 white imps
  An ufetubus (D:4)
  3 worms (D:3)
  4 dart slugs
  83 orcs
  4 ball pythons
  6 endoplasms
  6 giant cockroaches
  33 goblins
  7 hobgoblins
  A quokka (D:1)
  6 bats
  3 frilled lizards
  9 kobolds
  10 rats
685 creatures vanquished.

Vanquished Creatures (collateral kills)
  4 orc warriors (Bailey)
4 creatures vanquished.

Grand Total: 689 creatures vanquished

Notes
Turn   | Place    | Note
-------+----------+-------------------------------------------
     0 | D:1      | reriks the Gargoyle Fighter began the quest for the Orb.
     0 | D:1      | Reached XP level 1. HP: 14/14 MP: 1/1
   172 | D:1      | Found Yloa's Armour Boutique.
   264 | D:1      | Found Keanasan's Assorted Antiques.
   267 | D:1      | Reached XP level 2. HP: 19/19 MP: 2/2
   520 | D:1      | Reached XP level 3. HP: 22/23 MP: 3/3
  1085 | D:2      | You fall into a shaft and drop 1 floor!
  1463 | D:2      | Noticed Sigmund
  1471 | D:2      | Killed Sigmund
  1472 | D:2      | Reached skill level 1 in Throwing
  1472 | D:2      | Reached skill level 1 in Dodging
  1472 | D:2      | Reached XP level 4. HP: 15/29 MP: 4/4
  1472 | D:2      | Reached XP level 5. HP: 17/33 MP: 5/5
  1697 | D:2      | Reached XP level 6. HP: 38/38 MP: 6/6
  2042 | D:2      | Noticed Jessica
  2046 | D:2      | Killed Jessica
  2868 | D:3      | Found a glowing silver altar of Zin.
  2868 | D:3      | Found a faded altar of an unknown god.
  2876 | D:3      | Found a glowing golden altar of the Shining One.
  2878 | D:3      | Found a white marble altar of Elyvilon.
  2880 | D:3      | Found a bloodstained altar of Trog.
  2897 | D:3      | Became a worshipper of the Shining One
  3521 | D:4      | Noticed Robin
  3547 | D:4      | Killed Robin
  3548 | D:4      | Reached XP level 7. HP: 44/44 MP: 7/7
  3573 | D:4      | Reached skill level 1 in Invocations
  3791 | D:4      | Noticed Edmund
  3802 | D:4      | Killed Edmund
  3916 | D:4      | Reached * piety under the Shining One
  4318 | D:5      | Entered Level 5 of the Dungeon
  4486 | D:5      | Reached skill level 5 in Fighting
  4792 | D:5      | Noticed Dowan
  4815 | D:5      | Killed Dowan
  4816 | D:5      | Reached skill level 5 in Armour
  4816 | D:5      | Reached skill level 5 in Shields
  4816 | D:5      | Reached XP level 8. HP: 49/49 MP: 9/9
  4819 | D:5      | Noticed Duvessa
  4834 | D:5      | HP: 3/73 [Duvessa/+0 short sword (5)]
  4836 | D:5      | Killed Duvessa
  5150 | D:5      | Found a staircase to the Ecumenical Temple.
  5810 | D:6      | Found Plog's Jewellery Emporium.
  5818 | D:6      | Bought an amulet of reflection for 300 gold pieces
  5854 | D:6      | Found an opulent altar of Gozag.
  6022 | D:6      | Found a broken altar of Ashenzari.
  6415 | D:6      | Found a hazy altar of Hepliaklqana.
  6470 | D:7      | Reached XP level 9. HP: 49/55 MP: 11/11
  6477 | D:7      | Found a flagged portal.
  6486 | Bailey   | Entered a bailey
  6490 | Bailey   | Reached ** piety under the Shining One
  6994 | Bailey   | Reached skill level 5 in Axes
  7489 | D:7      | Found a hide-covered altar of Uskayaw.
  8183 | D:7      | Reached XP level 10. HP: 61/61 MP: 13/13
  8498 | D:8      | Reached skill level 5 in Invocations
  9062 | D:9      | Noticed Maurice
  9073 | D:9      | Killed Maurice
  9171 | D:9      | Reached skill level 5 in Throwing
  9262 | D:9      | Found a staircase to the Orcish Mines.
  9298 | D:9      | Found Qorivuahao's Distillery.
  9314 | D:9      | Reached *** piety under the Shining One
  9315 | D:9      | Found a staircase to the Lair.
  9499 | D:9      | Identified the +7 plate armour of Freedom {*Corrode rElec
                  | Regen+ Int+5}
  9602 | D:9      | Found a basalt altar of Yredelemnul.
  9784 | D:9      | Noticed a two-headed ogre
  9794 | D:9      | Killed a two-headed ogre
  9795 | D:9      | Reached skill level 5 in Dodging
  9795 | D:9      | Reached XP level 11. HP: 43/68 MP: 15/15
  9961 | D:10     | Entered Level 10 of the Dungeon
 10398 | D:10     | Found Cakhot's Book Shop.
 11404 | Lair:1   | Entered Level 1 of the Lair of Beasts
 11438 | Lair:1   | Noticed Urug
 11601 | Orc:1    | Entered Level 1 of the Orcish Mines
 11778 | Orc:2    | Entered Level 2 of the Orcish Mines
 11950 | Orc:1    | Noticed a cyclops
 12020 | Orc:1    | Killed a cyclops
 12033 | Orc:1    | Noticed an orc high priest
 12043 | Orc:1    | Noticed a sun demon
 12301 | Orc:1    | Killed an orc high priest
 12468 | Orc:1    | Noticed an orc sorcerer
 12471 | Orc:1    | Noticed an orc knight
 12612 | D:9      | Paralysed by an orc sorcerer for 4 turns
 12624 | D:9      | Killed an orc sorcerer
 12849 | Orc:1    | Killed an orc knight
 13015 | Orc:1    | Noticed an orc knight
 13043 | Orc:1    | Killed an orc knight
 13044 | Orc:1    | Reached XP level 12. HP: 25/75 MP: 17/17
 13439 | Orc:2    | Reached **** piety under the Shining One
 14194 | Lair:1   | Killed Urug
 15009 | Lair:2   | Found a transporter.
 15230 | Lair:2   | Found a transporter.
 15357 | Lair:2   | Found a staircase to the Snake Pit.
 15491 | Lair:2   | Found a staircase to the Shoals.
 15503 | Lair:2   | Reached XP level 13. HP: 82/82 MP: 19/19
 15860 | Lair:3   | Reached skill level 10 in Fighting
 16088 | Lair:3   | Reached skill level 10 in Armour
 16460 | Lair:3   | Reached skill level 10 in Shields
 16628 | Lair:3   | Got the Precepts of Displaced Metamorphosis
 16740 | Lair:3   | Noticed a dire elephant
 17826 | Lair:3   | Killed a dire elephant
 18182 | Lair:4   | Reached ***** piety under the Shining One
 18208 | Lair:4   | Gained mutation: Your large and strong wings let you fly.
                  | [Gargoyle growth]
 18208 | Lair:4   | Reached XP level 14. HP: 86/88 MP: 21/21
 18983 | D:10     | Bought a manual of Dodging for 880 gold pieces
 19059 | D:11     | Found a gate leading to a gauntlet.
 19075 | Gauntlet | Entered a Gauntlet
 19075 | Gauntlet | Found a transporter.
 19095 | Gauntlet | Found a transporter.
 19110 | Gauntlet | Found a transporter.
 19115 | Gauntlet | Found a transporter.
 19132 | Gauntlet | Found a transporter.
 19147 | Gauntlet | Noticed a reaper
 19151 | Gauntlet | Found a transporter.
 19163 | Gauntlet | Found a transporter.
 19175 | Gauntlet | Found a transporter.
 19187 | Gauntlet | Found a transporter.
 19193 | Gauntlet | Found a transporter.
 19208 | Gauntlet | Found a transporter.
 19225 | Gauntlet | Found a transporter.
 19245 | Gauntlet | Found a transporter.
 19245 | Gauntlet | Found the ring of the Mage {Wiz Archmagi}
 19274 | Gauntlet | Found a transporter.
 19296 | Gauntlet | Found a transporter.
 19374 | Gauntlet | Found a transporter.
 19493 | Gauntlet | Found a transporter.
 19565 | Gauntlet | Found a transporter.
 20561 | Gauntlet | Identified the ring of Tommidgh {Drain rF+ MP+9 Dex+2}
 20582 | Gauntlet | Identified the +6 flail of Inuotoxi {drain, rF+ Str+3
                  | Int+3}
 20866 | D:11     | Reached skill level 10 in Invocations
 22111 | Lair:5   | Entered Level 5 of the Lair of Beasts
 22253 | Lair:5   | Reached ****** piety under the Shining One
 22486 | Lair:5   | Reached XP level 15. HP: 89/96 MP: 22/22
 22580 | Lair:5   | Found a staircase to the Slime Pits.
 22589 | Lair:5   | Reached skill level 10 in Dodging
 23242 | Lair:5   | Reached skill level 10 in Axes
 23244 | Lair:5   | Found a burning altar of Makhleb.
 23313 | Lair:5   | Found a gateway to Hell.
 23773 | Orc:2    | Found Fiak Qops's General Store.
 24031 | Orc:2    | Found Suecva Paat's General Store.
 24602 | Orc:2    | Paralysed by an orc sorcerer for 4 turns
 25905 | Orc:2    | Found Kyaduloz's Book Shoppe.
 25905 | Orc:2    | Found Xeuxkuj's Antique Armour Emporium.
 25906 | Orc:2    | Found a one-way gate leading to the halls of Pandemonium.
 26003 | Orc:2    | Found a staircase to the Elven Halls.
 26340 | D:12     | Identified the +0 pair of gloves "Giska" {rPois Dex-5
                  | Stlth+}
 26391 | D:12     | Noticed Fannar
 26521 | D:12     | Killed Fannar
 27020 | D:12     | Reached XP level 16. HP: 87/103 MP: 24/24
 27119 | D:12     | Noticed Kirke
 27145 | D:12     | HP: 5/103 [Kirke (10)]
 27145 | D:12     | Mangled by a hog

Illustrated notes

Levels and vault maps discovered:
D:1:      dpeg_arrival_morbid_curiosity, layout_loops_ring, serial_shops, shop,
          nicolae_shop_just_a_little_nook, serial_bayou_ford_a
D:2:      cheibrodos_greedy_goblins, layout_loops_cross, grunt_decor_clamped,
          uniq_sigmund, uniq_jessica
D:3:      layout_basic, chequers_temple_overflow_minitemple,
          chequers_serial_rivers_micro_d
D:4:      layout_loops_ring, nicolae_concentric_dashed_squares_wild,
          minmay_gold_behind_fungi, minmay_box_of_dots, uniq_edmund, uniq_robin
D:5:      layout_loops_ring, minmay_temple_entry_gardened_gates, uniq_duvessa
D:6:      layout_rooms, old_standard_altar, nicolae_hepliaklqana_hippocampus,
          grunt_gozag_statues, serial_shops, shop
D:7:      layout_layer_cave, nicolae_uskayaw_suspiria, enter_bailey_6
D:8:      layout_rooms, minmay_manual_monstrance
D:9:      layout_long_grid, yredelemnul_altar_generic,
          erik_lair_orcish_takeover, orc_0_dummy, serial_shops,
          nicolae_shop_back_alley_shop, evilmike_minifort, uniq_maurice
D:10:     layout_basic, serial_glass, glass_columns_a, glass_columns_c,
          serial_shops, shop_statue, eino_jars
D:11:     layout_basic, gauntlet_entry_generic
D:12:     layout_stronghold, hangedman_weighted_door, palyth_stone_intersect,
          uniq_fannar, uniq_kirke
Lair:1:   layout_regular_city, uniq_urug
Lair:2:   gammafunk_worm_tunnel, layout_gridlike,
          minmay_shoals_entry_lonely_mermaid, nicolae_snake_entry_squirm,
          wad_woods_road_02, st_stairs_4
Lair:3:   nzn_winding_woodlands_medium [nzn_winding_woodlands_5x5_cross,
          nzn_winding_woodlands_5x15_lazy_stream,
          nzn_winding_woodlands_5x5_three, nzn_winding_woodlands_5x5_open_star,
          nzn_winding_woodlands_center_garden,
          nzn_winding_woodlands_5x5_closed_star,
          nzn_winding_woodlands_hourglass, nzn_winding_woodlands_5x15_cabin,
          nzn_winding_woodlands_5x5_default], layout_hall_layers,
          beast_lair_carwin_5, grunt_megastairs_1
Lair:4:   layout_gridlike, grunt_megastairs_5
Lair:5:   evil_forest, layout_regular_city, nicolae_slime_entry_field_trip,
          grunt_megastairs_2
Orc:1:    layout_caves
Orc:2:    pf_orc_diabolical, layout_caves

Skill      XL: |  1  2  3  4  5  6  7  8  9 10 11 12 13 14 15 |
---------------+----------------------------------------------+-----
Axes           | 2 3 4 5 6 7 8 9 10 | 10.3
Fighting       | 4 5 6 7 8 9 10 11 12 | 12.4
Throwing       | 1 2 3 4 5 6 7 8 9 |  9.7
Armour         | 4 5 6 7 8 9 10 11 12 | 12.1
Dodging        | 1 2 3 4 5 6 7 9 11 | 11.8
Shields        | 4 5 6 7 8 9 10 11 12 | 12.1
Invocations    | 2 3 4 6 7 8 9 10 11 | 11.2

Action                     |  1- 3 |  4- 6 |  7- 9 | 10-12 | 13-15 | 16-18 || total
---------------------------+-------+-------+-------+-------+-------+-------++-------
  Melee: War axe           |   127 |   156 |   303 |   586 |  1129 |     9 ||  2310
         Unarmed           |       |       |       |       |       |    15 ||    15
  Throw: Boomerang         |       |       |    15 |    50 |       |       ||    65
         Javelin           |       |       |       |       |    41 |       ||    41
 Invoke: Divine Shield     |       |       |     1 |     1 |     1 |       ||     3
  Evoke: Wand              |       |       |       |     2 |       |       ||     2
    Use: Potion            |     1 |       |     2 |     3 |       |     1 ||     7
         Scroll            |       |       |    16 |    11 |     8 |       ||    35
 Armour: Scale mail        |    54 |    31 |       |       |       |       ||    85
         Plate armour      |       |    78 |   212 |   222 |   429 |     1 ||   942
         Skin              |       |       |     7 |       |       |       ||     7
  Dodge: Dodged            |    59 |    64 |   117 |   122 |   281 |    19 ||   662
  Block: Buckler           |    32 |    37 |   114 |       |       |       ||   183
         Tower shield      |       |       |    49 |   980 |  1772 |    10 ||  2811
         Reflection        |       |       |       |    19 |    20 |       ||    39
         Other             |       |       |       |       |       |     3 ||     3

Table legend: (Time is in decaauts)
 A = Elapsed time spent in this place.
 B = Non-inter-level travel time spent in this place.
 C = Inter-level travel time spent in this place.
 D = Time resting spent in this place.
 E = Time spent auto-exploring this place.
 F = Levels seen in this place.
 G = Mean time per level.
                   A        B        C        D        E       F      G
               +--------+--------+--------+--------+--------+-----+--------+
         Total |  27879 |  26159 |   1720 |   8114 |  12334 |  21 | 1327.6 |
       Dungeon |  14133 |  12903 |   1230 |   2860 |   7482 |  12 | 1177.8 |
          Lair |   7271 |   6805 |    466 |   1581 |   3665 |   5 | 1454.2 |
  Orcish Mines |   4227 |   4204 |     23 |   2367 |    857 |   2 | 2113.5 |
        Bailey |    692 |    692 |      0 |    425 |      0 |   1 |  692.0 |
      Gauntlet |   1555 |   1555 |      0 |    881 |    329 |   1 | 1555.0 |
               +--------+--------+--------+--------+--------+-----+--------+

Top non-repeatable levels by time:
   Orc:2: 2987 daAuts
     D:9: 2448 daAuts
  Lair:3: 2023 daAuts
Gauntlet: 1555 daAuts
  Lair:2: 1434 daAuts
     D:5: 1430 daAuts
  Lair:5: 1416 daAuts
    D:10: 1395 daAuts
  Lair:4: 1265 daAuts
     D:7: 1242 daAuts
   Orc:1: 1240 daAuts
     D:3: 1204 daAuts
     D:4: 1150 daAuts
  Lair:1: 1132 daAuts
     D:2: 1123 daAuts
